 Dungeon Crawl Stone Soup version 0.31-a0-175-g9f7f995f2b (webtiles) character file.

Game seed: 14337495498095766630

257 runemasterragnar the Trooper (level 5, -8/42 HPs)
             Began as a Demonspawn Fighter on June 16, 2023.
             Was a Priest of Cheibriados.
             Mangled by Menkaure (23 damage)
             ... on level 4 of the Dungeon.
             The game lasted 00:04:54 (3173 turns).

runemasterragnar the Trooper (Demonspawn Fighter)   Turns: 3173, Time: 00:04:55

Health: -8/42      AC:  4    Str: 23    XL:     5   Next: 93%
Magic:  6/6        EV: 10    Int: 17    God:    Cheibriados [***...]
Gold:   159        SH:  5    Dex: 18    Spells: 4/4 levels left

rFire   + . .        a - +0 long sword
rCold   . . .        c - +0 buckler
rNeg    . . .        m - +1 leather armour {rF+}
rPois   .            (helmet restricted)
rElec   .            (no cloak)
rCorr   .            (no gloves)
SInv    .            (no boots)
Will    .....        (no amulet)
Stlth   +            (no ring)
HPRegen 0.27/turn    (no ring)
MPRegen 0.10/turn

%: no passive effects
@: mighty, very slow
A: antennae 1, powered by pain 1
a: Renounce Religion, Bend Time, Temporal Distortion


You were on level 4 of the Dungeon.
You worshipped Cheibriados.
Cheibriados was most pleased with you.
You visited 1 branch of the dungeon, and saw 4 of its levels.

You collected 159 gold pieces.

Inventory:

Hand Weapons
 a - a +0 long sword (weapon)
Missiles
 k - 2 silver javelins (quivered)
 l - 4 javelins
 t - 5 boomerangs
Armour
 b - a +0 scale mail
 c - a +0 buckler (worn)
 m - a +1 leather armour of fire resistance (worn)
Wands
 q - a wand of iceblast (4)
 r - a wand of paralysis (6)
Scrolls
 f - 2 scrolls of teleportation {unknown}
 n - a scroll of vulnerability {unknown}
 o - a scroll of revelation {unknown}
 s - a scroll of fog {unknown}
Potions
 g - a potion of curing {unknown}
 h - 3 potions of berserk rage
 i - a potion of attraction {unknown}
 p - 2 potions of magic


   Skills:
 + Level 3.9 Fighting
 * Level 3.5 Long Blades
 + Level 3.6 Armour
 + Level 3.6 Shields
 + Level 1.9 Invocations


You had 4 spell levels left.
You didn't know any spells.
Your spell library contained the following spells:

 Spells                   Type           Power      Damage    Failure   Level
 Summon Small Mammal      Summ           0%         N/A       32%         1
 Scorch                   Fire           0%         2d5       43%         2
 Call Canine Familiar     Summ           0%         N/A       67%         3
 Summon Guardian Golem    Hex/Summ       0%         N/A       67%         3
 Flame Wave               Conj/Fire      0%         2d4       97%         4
 Summon Cactus Giant      Summ           0%         N/A       100%        6


Dungeon Overview and Level Annotations

Branches:
Dungeon (4/15)
 Temple: D:4-7

Altars:
Cheibriados
Okawaru

Annotations:
D:4 Menkaure


Innate Abilities, Weirdness & Mutations

You have a pair of small antennae on your head.
You sometimes gain a little power by taking damage.


Message History

The silver javelin barely misses Menkaure.
Unknown command.
You completely miss Menkaure. Menkaure completely misses you.
Menkaure hits you!
You completely miss Menkaure.
Menkaure gestures at you while chanting.
Pain shoots through your body!
You focus on the pain.
You feel very mighty all of a sudden.
You hit Menkaure.
Menkaure is lightly damaged.
Menkaure calls on the powers of darkness!
Your body is wracked with pain!
Menkaure hits you!
* * * LOW HITPOINT WARNING * * *
You slash Menkaure!
Menkaure is heavily damaged.
Menkaure misses you. Menkaure closely misses you.
You feel much better. You block Menkaure's attack.
Throw: 3 javelins (silver)
Press: ? - help, Q - select action, (/) - cycle Shift-Dir - straight line, f/p - Menkaure
Aim: Menkaure (heavily damaged, fast, 76% to hit)
You throw a silver javelin.
The silver javelin pierces through Menkaure.
Menkaure is heavily damaged.
The silver javelin barely misses the kobold.
Menkaure closely misses you.
Menkaure calls on the powers of darkness!
Your body is wracked with pain!
Unknown command.
Unknown command.
You feel mightier all of a sudden.
Menkaure points at you and mumbles some strange words.
Pain shoots through your body!
You slash Menkaure!
Menkaure is almost destroyed.
You block Menkaure's attack.
You closely miss Menkaure.
Menkaure is almost destroyed.
Menkaure hits you!!
Ouch! That really hurt!
You die...

####.# #
##....###.#
.####.......).#
...........#.##
###.......# #
#.<.....#.#
###.......#
#...##### ##@##
#M# #.K.# #...#
#...# #...#
#...# ..(.<
.....


You could see Menkaure (fast) and a kobold.

Vanquished Creatures
  An ogre (D:3)
  Ijyb (D:3)
  Robin (D:2)
  2 adders (D:2)
  A worm (D:2)
  3 dart slugs
  2 orcs (D:3)
  7 endoplasms
  3 giant cockroaches
  19 goblins
  11 hobgoblins
  7 jackals
  4 quokkas
  9 ball pythons
  6 bats
  6 frilled lizards
  9 kobolds
  6 rats
98 creatures vanquished.

Notes
Turn   | Place    | Note
-------+----------+-------------------------------------------
     0 | D:1      | runemasterragnar the Demonspawn Fighter began the quest for
                  | the Orb.
     0 | D:1      | Reached XP level 1. HP: 18/18 MP: 1/1
   283 | D:1      | Gained mutation: You sometimes gain a little power by
                  | taking damage. [demonic ancestry]
   283 | D:1      | Reached XP level 2. HP: 24/24 MP: 2/2
   871 | D:2      | Gained mutation: You have a pair of small antennae on your
                  | head. [demonic ancestry]
   871 | D:2      | Reached XP level 3. HP: 28/29 MP: 3/3
   952 | D:2      | Noticed Robin
   971 | D:2      | Killed Robin
  1214 | D:2      | Found a faded altar of an unknown god.
  1237 | D:2      | Prayed at the altar of an unknown god.
  1237 | D:2      | Became a worshipper of Cheibriados the Contemplative
  1237 | D:2      | Reached * piety under Cheibriados
  1240 | D:2      | Reached XP level 4. HP: 35/35 MP: 4/4
  1786 | D:2      | Reached ** piety under Cheibriados
  2351 | D:3      | Reached skill level 1 in Invocations
  2397 | D:3      | Reached XP level 5. HP: 38/41 MP: 5/5
  2460 | D:3      | Noticed Ijyb
  2484 | D:3      | Killed Ijyb
  2686 | D:3      | Reached *** piety under Cheibriados
  2949 | D:3      | Found an iron altar of Okawaru.
  2986 | D:3      | Noticed an ogre
  2995 | D:3      | Killed an ogre
  3161 | D:4      | Noticed Menkaure
  3173 | D:4      | Mangled by Menkaure

Illustrated notes

Levels and vault maps discovered:
D:1:      ebering_hopf_link, layout_basic
D:2:      layout_loops_corners, basic_ecumenical_altar, minmay_box_of_dots,
          uniq_robin
D:3:      kennysheep_goblin_castle, layout_rooms,
          gammafunk_temple_overflow_wave, minmay_pentomino_pile
D:4:      layout_loops_cross, minmay_misc_feat_encased, uniq_menkaure,
          uniq_ijyb, uniq_eustachio, uniq_sigmund, uniq_crazy_yiuf_cottage

Skill      XL: |  1  2  3  4 |
---------------+-------------+-----
Long Blades    | 2 3 |  3.5
Armour         | 3 |  3.6
Shields        | 3 |  3.6
Invocations    | 1 |  1.9
Fighting       | |  3.9

Action                     |  1- 3 |  4- 6 || total
---------------------------+-------+-------++-------
  Melee: Long sword        |    75 |   211 ||   286
  Throw: Javelin           |     8 |     2 ||    10
 Invoke: Bend Time         |       |     1 ||     1
  Evoke: Wand              |       |     1 ||     1
    Use: Potion            |       |     3 ||     3
         Scroll            |       |     2 ||     2
   Stab: Sleeping          |       |     2 ||     2
         Paralysed         |       |     5 ||     5
 Armour: Scale mail        |    50 |       ||    50
         Leather armour    |     2 |    98 ||   100
  Dodge: Dodged            |    42 |   154 ||   196
  Block: Buckler           |    23 |    74 ||    97

Table legend: (Time is in decaauts)
 A = Elapsed time spent in this place.
 B = Non-inter-level travel time spent in this place.
 C = Inter-level travel time spent in this place.
 D = Time resting spent in this place.
 E = Time spent auto-exploring this place.
 F = Levels seen in this place.
 G = Mean time per level.
                   A        B        C        D        E       F      G
               +--------+--------+--------+--------+--------+-----+--------+
         Total |   3777 |   3717 |     60 |    231 |   2672 |   4 |  944.2 |
       Dungeon |   3777 |   3717 |     60 |    231 |   2672 |   4 |  944.2 |
               +--------+--------+--------+--------+--------+-----+--------+

Top non-repeatable levels by time:
     D:3: 1613 daAuts
     D:2: 1269 daAuts
     D:1: 862 daAuts
     D:4: 31 daAuts
